 Dungeon Sprint DCSS version 0.22-a0-353-g2d6336e (webtiles) character file.

2034 Hipnos the Covert (level 9, 0/58 HPs)
             Began as a Human Enchanter on Apr 15, 2018.
             Was the Champion of Jiyva.
             Slain by a demonic crawler (13 damage)
             ... in the Dungeon (Sprint I: "Red Sonja").
             The game lasted 00:03:17 (191 turns).

Hipnos the Covert (Human Enchanter)                  Turns: 191, Time: 00:03:18

Health: 0/58       AC: -1    Str:  9    XL:     9   Next: 48%
Magic:  18/18      EV: 15    Int: 16    God:    Jiyva [******]
Gold:   432        SH:  0    Dex: 16    Spells: 19/20 levels left

rFire    . . .     SeeInvis +   i - +1 dagger (venom)
rCold    . . .     Gourm    .   (no shield)
rNeg     . . .     Faith    .   b - +0 robe
rPois    +         Spirit   .   (no helmet)
rElec    .         Reflect  .   (no cloak)
rCorr    +         Harm     .   (no gloves)
MR       .....     NoTele   +   (no boots)
Stlth    ++++++....             (no amulet)
HPRegen  0.19/turn              (no ring)
MPRegen  0.16/turn              (no ring)

@: corroded
A: rugged brown scales 1, see invisible, poison resistance
a: Request Jelly, Slimify, Cure Bad Mutation, Renounce Religion


You were in the Dungeon.
You worshipped Jiyva.
Jiyva was exalted by your worship.
You were completely stuffed.

You visited 1 branch You collected 432 gold pieces.

Inventory:

Hand Weapons
 a - a +1 dagger
 i - a +1 dagger of venom (weapon)
Armour
 b - a +0 robe (worn)
 k - a +0 pair of boots
Scrolls
 j - a scroll of blinking
Potions
 c - a potion of might {unknown}
 e - a potion of curing
 f - a potion of heal wounds
 g - a potion of haste
 h - 2 potions of magic
Comestibles
 d - 3 rations


   Skills:
 * Level 8.3 Short Blades
 + Level 5.2 Dodging
 * Level 14.7 Stealth
 + Level 6.0 Spellcasting
 + Level 10.3 Hexes


You had 19 spell levels left.
You knew the following spells:

 Your Spells              Type           Power        Failure   Level  Hunger
a - Corona                Hex            #####..      1%          1    None


Dungeon Overview and Level Annotations

Branches:
Dungeon (1/1)

Altars:
Cheibriados
Dithmenos
Elyvilon
Fedhas
Gozag
Hepliaklqana
Kikubaaqudgha
Makhleb
Nemelex Xobeh
Okawaru
Qazlal
Ru
Sif Muna
Trog
Uskayaw
Vehumet
Wu Jian
Xom
Yredelemnul
Zin
The Shining One
Jiyva
Lugonu

Shops:
D ([

Annotations:
D exclusion: oklob plant


Innate Abilities, Weirdness & Mutations

You are partially covered in rugged brown scales. (AC +1, +3% HP)
You have supernaturally acute eyesight. (SInv)
Your system is resistant to poisons. (rPois)


Message History

The splash of acid hits you! You resist. The acid corrodes you!
You are splashed with acid!
The acid burns!
You resist.
There is an open door here.
You enter the shallow water.
Moving in this stuff is going to be slow.
There is an open door here.
You enter the shallow water.
Moving in this stuff is going to be slow.
You hear a distant slurping noise.
The demonic crawler misses you. The demonic crawler hits you. x3
The demonic crawler hits you!
* * * LOW HITPOINT WARNING * * *
The demonic crawler hits you.
* * * LOW HITPOINT WARNING * * *
A demonic crawler comes into view.
You hear a distant slurping noise.
There is an open door here.
There is an open door here.
The demonic crawler hits you!
You die...

################### #
#<.#.)').#..'..#@_#....
#..'..#..'..#..s^....#
#..#####'#####'#_s####
#..####..#...#.####§§####
#..#__####..##.#≈§§.§#..#
#..#_____##'#_..≈≈§§§§.§#
#⌠⌠#_.∩...'..._#≈§§.§#$.#
####_..__##_.#.##§#####'#
#_____###'#.#[)..###P§§


You could see 2 demonic crawlers.

Vanquished Creatures
  A centaur warrior (D)
  Sonja (D)
  A hornet (D)
  Sigmund (D)
  A yak (D)
  An ogre (D)
  Ijyb (D)
7 creatures vanquished.

Vanquished Creatures (collateral kills)
  A deep troll (D)
1 creature vanquished.

Vanquished Creatures (others)
  3 shining eyes (D)
  A kobold demonologist (D)
  A redback (D)
  3 floating eyes (D)
  8 jellies (D)
16 creatures vanquished.

Grand Total: 24 creatures vanquished

Notes
Turn   | Place    | Note
-------+----------+-------------------------------------------
     0 | D        | Hipnos the Human Enchanter began the quest for the Orb.
     0 | D        | Reached XP level 1. HP: 13/13 MP: 3/3
     1 | D        | Noticed Ijyb
     8 | D        | Killed Ijyb
     8 | D        | Reached skill level 4 in Stealth
     8 | D        | Reached XP level 2. HP: 19/19 MP: 3/5
     8 | D        | Reached XP level 3. HP: 24/24 MP: 3/6
    10 | D        | Noticed an ogre
    16 | D        | Killed an ogre
    16 | D        | Reached skill level 7 in Stealth
    16 | D        | Reached skill level 5 in Hexes
    16 | D        | Reached XP level 4. HP: 30/30 MP: 3/8
    16 | D        | Reached XP level 5. HP: 35/35 MP: 3/9
    64 | D        | Noticed Sigmund
    67 | D        | Killed Sigmund
    67 | D        | Reached skill level 9 in Stealth
    67 | D        | Reached XP level 6. HP: 41/41 MP: 9/12
    80 | D        | Found a burning altar of Makhleb.
    80 | D        | Found a viscous altar of Jiyva.
    80 | D        | Found a shimmering altar of Xom.
    80 | D        | Found a corrupted altar of Lugonu.
    80 | D        | Noticed a slime creature
    83 | D        | Became a worshipper of Jiyva Jotsail the Shapeless
    85 | D        | Found an ornate altar of the Wu Jian Council.
    85 | D        | Found a deep blue altar of Sif Muna.
    87 | D        | Found a radiant altar of Vehumet.
    88 | D        | Reached * piety under Jiyva
    92 | D        | Reached ** piety under Jiyva
    96 | D        | Noticed a centaur warrior
    96 | D        | Reached *** piety under Jiyva
    96 | D        | Gained mutation: You are covered in slimy tendrils that may disarm your opponents. [Jiyva's grace]
    96 | D        | Killed a kobold demonologist
    99 | D        | Reached **** piety under Jiyva
    99 | D        | Lost mutation: You are covered in slimy tendrils that may disarm your opponents. [Jiyva's grace]
   100 | D        | Gained mutation: You are partially covered in rugged brown scales. (AC +1, +3% HP) [Jiyva's grace]
   100 | D        | Reached ***** piety under Jiyva
   102 | D        | Gained mutation: Your rubbery body absorbs attacks. (AC +1, EV +1) [Jiyva's grace]
   104 | D        | Lost mutation: Your rubbery body absorbs attacks. (AC +1, EV +1) [Jiyva's grace]
   105 | D        | Killed a floating eye
   111 | D        | Reached ****** piety under Jiyva
   113 | D        | Found Macs's Antique Weapon Emporium.
   113 | D        | Found an ancient bone altar of Kikubaaqudgha.
   113 | D        | Found a hazy altar of Hepliaklqana.
   113 | D        | Found a stormy altar of Qazlal.
   113 | D        | Found a hide-covered altar of Uskayaw.
   113 | D        | Found a blossoming altar of Fedhas.
   113 | D        | Found a bloodstained altar of Trog.
   113 | D        | Found an iron altar of Okawaru.
   113 | D        | Found a basalt altar of Yredelemnul.
   113 | D        | Found a glowing golden altar of the Shining One.
   113 | D        | Found a snail-covered altar of Cheibriados.
   113 | D        | Found a sacrificial altar of Ru.
   113 | D        | Found a glowing silver altar of Zin.
   113 | D        | Found a shadowy altar of Dithmenos.
   113 | D        | Found a white marble altar of Elyvilon.
   113 | D        | Noticed a yak
   113 | D        | Lost mutation: You are partially covered in rugged brown scales. (AC +1, +3% HP) [Jiyva's grace]
   114 | D        | Found an opulent altar of Gozag.
   115 | D        | Killed a yak
   115 | D        | Reached skill level 5 in Short Blades
   115 | D        | Reached skill level 10 in Stealth
   115 | D        | Reached XP level 7. HP: 46/46 MP: 13/13
   116 | D        | Found a sparkling altar of Nemelex Xobeh.
   120 | D        | Gained mutation: Your system is resistant to poisons. (rPois) [Jiyva's grace]
   122 | D        | Gained mutation: You are partially covered in rugged brown scales. (AC +1, +3% HP) [Jiyva's grace]
   123 | D        | Killed a redback
   127 | D        | Noticed Sonja
   128 | D        | Gained mutation: You have supernaturally acute eyesight. (SInv) [Jiyva's grace]
   131 | D        | Killed Sonja
   131 | D        | Reached skill level 12 in Stealth
   131 | D        | Reached skill level 5 in Spellcasting
   131 | D        | Reached XP level 8. HP: 53/53 MP: 13/15
   134 | D        | Killed a shining eye
   136 | D        | Gained mutation: You do not regenerate when monsters are visible. [Jiyva's grace]
   137 | D        | Noticed a deep troll
   140 | D        | Killed a deep troll
   140 | D        | Reached skill level 13 in Stealth
   146 | D        | Killed a shining eye
   150 | D        | Found Ivi Gimp's Armour Emporium.
   159 | D        | Lost mutation: You do not regenerate when monsters are visible. [Jiyva's grace]
   174 | D        | Noticed a demonic crawler
   174 | D        | Noticed a hornet
   176 | D        | Killed a centaur warrior
   176 | D        | Reached skill level 5 in Dodging
   176 | D        | Reached skill level 14 in Stealth
   176 | D        | Reached skill level 10 in Hexes
   176 | D        | Reached XP level 9. HP: 58/58 MP: 17/17
   179 | D        | Noticed an oklob plant
   179 | D        | Killed a hornet
   181 | D        | Killed a shining eye
   189 | D        | Noticed a demonic crawler
   191 | D        | Slain by a demonic crawler

Vault maps used:
D:        dungeon_sprint_1

Skill      XL: |  1  2  3  4  5  6  7  8  9 |
---------------+----------------------------+-----
Short Blades   | 2 3 4 5 7 8 |  8.3
Stealth        | 4 7 9 10 12 14 | 14.7
Hexes          | 4 5 6 7 9 10 | 10.3
Spellcasting   | 3 4 5 6 |  6.0
Dodging        | 3 4 5 |  5.2

Action                   |  1- 3 |  4- 6 |  7- 9 || total
-------------------------+-------+-------+-------++-------
Melee: Dagger            |     9 |     2 |     3 ||    14
  Use: Potion            |     1 |       |       ||     1
 Stab: Sleeping          |       |     2 |     3 ||     5
Armor: Robe              |     1 |       |       ||     1
Dodge: Dodged            |     3 |       |     2 ||     5

Table legend:
 A = Spawn XP
 B = Non-spawn XP
 C = Spawn XP percentage of total XP
 D = Spawn monster count
 E = Non-spawn monster count
 F = Spawn count percentage of total count
 G = Total turns spent on level
                    A         B        C        D         E        F      G
               +---------+---------+-------+---------+---------+-------+---------
         Total |       0 |    2907 |   0.0 |       0 |       8 |   0.0 |   191
               +---------+---------+-------+---------+---------+-------+---------
             D |       0 |    2907 |   0.0 |       0 |       8 |   0.0 |   191
               +---------+---------+-------+---------+---------+-------+---------
